 Dungeon Crawl Stone Soup version 0.27-a0-1280-g9d2d252d84 (webtiles) character file.

Game seed: 1000197884987905791

214 EiAlmux the Digger (level 5, 0/30 HPs)
             Began as a Gargoyle Earth Elementalist on June 12, 2021.
             Slain by an ufetubus (3 damage)
             ... on level 5 of the Dungeon.
             The game lasted 00:07:27 (4863 turns).

EiAlmux the Digger (Gargoyle Earth Elementalist)    Turns: 4863, Time: 00:07:28

Health: 0/30       AC:  7    Str: 12    XL:     5   Next: 92%
Magic:  2/9        EV: 11    Int: 16    God:
Gold:   154        SH:  0    Dex: 10    Spells: 3/9 levels left

rFire    . . .     SeeInvis .   d - +1 dagger (pain)
rCold    . . .     Faith    .   (no shield)
rNeg     + . .     Spirit   .   c - +0 robe
rPois    ∞         Reflect  .   (no helmet)
rElec    +         Harm     .   g - +0 cloak
rCorr    .         Rampage  .   (no gloves)
Will     .....                  (no boots)
Stlth    ++........             (no amulet)
HPRegen  0.10/turn              (no ring)
MPRegen  0.11/turn              (no ring)

@: no status effects
A: sickness immunity, AC +4, negative energy resistance 1, electricity
resistance, torment resistance 1, petrification resistance
a: no special abilities


You were on level 5 of the Dungeon.
You visited 1 branch of the dungeon, and saw 6 of its levels.

You collected 154 gold pieces.

Inventory:

Hand Weapons
 d - a +1 dagger of pain (weapon)
Missiles
 b - 121 stones
Armour
 c - a +0 robe (worn)
 g - a +0 cloak (worn)
 t - a +0 helmet
Jewellery
 r - a ring of poison resistance
Scrolls
 h - a scroll of immolation
 j - a scroll of brand weapon {unknown}
 l - a scroll of vulnerability
 n - a scroll of enchant weapon {unknown}
 o - a scroll of amnesia {unknown}
 p - 2 scrolls of fear
 q - a scroll of fog {unknown}
Potions
 a - 2 potions of curing
 f - a potion of lignification
 i - a potion of heal wounds
 k - a potion of might
 m - a potion of haste
 s - a potion of magic


   Skills:
 - Level 2.0 Fighting
 - Level 1.5 Dodging
 + Level 3.6 Stealth
 + Level 2.9 Spellcasting
 + Level 2.0 Conjurations
 + Level 1.8 Transmutations
 + Level 4.5 Earth Magic


You had 3 spell levels left.
You knew the following spells:

 Your Spells              Type           Power      Damage    Failure   Level
a - Sandblast             Erth           34%        2d9       2%          1
b - Passwall              Tmut/Erth      10%        N/A       8%          2
c - Stone Arrow           Conj/Erth      24%        3d8       14%         3

Your spell library contained the following spells:

 Spells                   Type           Power      Damage    Failure   Level
 Petrify                  Tmut/Erth      12%        N/A       45%         4
 Lee's Rapid Deconstruct  Erth           8%         3d8*      61%         5


Dungeon Overview and Level Annotations

Branches:
Dungeon (6/15)
 Temple: D:4-7

Altars:
Nemelex Xobeh

Annotations:
D:4 exclusion: ogre


Innate Abilities, Weirdness & Mutations

You are immune to sickness and miasma.
Your stone body is resilient. (AC +4)
You are immune to poison.
You resist negative energy. (rN+)
You are resistant to electric shocks. (rElec)
You are resistant to unholy torment.
You are immune to petrification.


Message History

The ice beast is moderately wounded.
The ice beast hits you but does no damage.
Press: ? - help, v - describe, . - travel
Here: an ice beast (moderately wounded)
The floor.
The blast of sand hits the ice beast.
The ice beast is heavily wounded.
The ice beast barely misses you.
The blast of sand hits the ice beast.
The ice beast is heavily wounded.
The ice beast hits you but does no damage.
The ice beast hits you. The ice beast freezes you!
There is a stone staircase leading up here.
Casting: Sandblast (safe; 2% risk of failure)
Confirm with . or Enter, or press ? or * to list all spells.
Aiming: Sandblast (safe; 2% risk of failure)
Press: ? - help, Shift-Dir - straight line, f/p - ice beast
Aim: an ice beast (heavily wounded, 79% to hit)
The blast of sand hits the ice beast.
The ice beast is severely wounded.
The ice beast barely misses you.
Casting: Sandblast (safe; 2% risk of failure)
Confirm with . or Enter, or press ? or * to list all spells.
Aiming: Sandblast (safe; 2% risk of failure)
Press: ? - help, Shift-Dir - straight line, f/p - ice beast
Aim: an ice beast (severely wounded, 79% to hit)
The blast of sand hits the ice beast.
The ice beast is severely wounded.
The ice beast hits you. The ice beast freezes you!
* * * LOW HITPOINT WARNING * * *
An orc comes into view. It is wielding a +0 morningstar.
The orc shouts!
You hear a shout!
Found a sparkling altar of Nemelex Xobeh.
Found a stone staircase leading down.
An orc and an ufetubus come into view.
The ufetubus shouts!
The ufetubus hits you but does no damage. x2
The ufetubus closely misses you. The ufetubus barely misses you.
The ufetubus hits you.
You die...

#. #.!.....# .......
#.##..?....##....... #
##..#.......o.o......
.###.###.#......##.....⌠.⌠
..#.##................._.
#####....)......Y.....##..⌠.⌠
##.....#...........###.# #..#
##(...............#.###... .#
#.............[@5.....##....
#
#................##....#.###
#......^.........##..#......
#................###########
#>..............##
#........<......#
##.............##
##.....#.....## #############


You could see an ice beast, an orc and an ufetubus.

Vanquished Creatures
  A bullfrog (D:6)
  A centaur zombie (D:5)
  Jessica (D:3)
  An iguana (D:5)
  An ufetubus (D:5)
  A worm (D:2)
  A dart slug (D:1)
  An orc (D:6)
  2 endoplasms
  A giant cockroach (D:1)
  2 hobgoblins
  13 jackals
  3 quokkas
  7 ball pythons
  2 bats
  2 frilled lizards
  6 goblins
  6 kobolds
  A rat (D:1)
53 creatures vanquished.

Vanquished Creatures (others)
  An ogre (D:4)
1 creature vanquished.

Grand Total: 54 creatures vanquished

Notes
Turn   | Place    | Note
-------+----------+-------------------------------------------
     0 | D:1      | EiAlmux the Gargoyle Earth Elementalist began the quest for
                  | the Orb.
     0 | D:1      | Reached XP level 1. HP: 10/10 MP: 3/3
   703 | D:1      | Reached skill level 1 in Transmutations
   703 | D:1      | Reached XP level 2. HP: 15/15 MP: 5/5
  1428 | D:1      | Found a faded altar of an unknown god.
  1954 | D:2      | Reached XP level 3. HP: 16/20 MP: 6/6
  1958 | D:2      | Learned a level 2 spell: Passwall
  1962 | D:2      | Learned a level 3 spell: Stone Arrow
  2193 | D:2      | Reached skill level 4 in Earth Magic
  2804 | D:2      | Reached skill level 1 in Conjurations
  3400 | D:3      | Noticed Jessica
  3404 | D:3      | Killed Jessica
  3405 | D:3      | Reached skill level 1 in Fighting
  3405 | D:3      | Reached XP level 4. HP: 25/25 MP: 4/7
  4147 | D:4      | Noticed an ogre
  4231 | D:4      | Noticed an ogre
  4237 | D:4      | Noticed a steam dragon
  4247 | D:4      | Killed an ogre
  4259 | D:5      | Entered Level 5 of the Dungeon
  4476 | D:5      | Reached XP level 5. HP: 6/29 MP: 0/9
  4569 | D:5      | HP: 1/29 [iguana (5)]
  4644 | D:5      | Noticed an ice beast
  4819 | D:6      | Noticed a sky beast
  4820 | D:6      | Noticed an orc warrior
  4846 | D:5      | HP: 1/30 [ice beast (13)]
  4854 | D:5      | Found a sparkling altar of Nemelex Xobeh.
  4863 | D:5      | Slain by an ufetubus

Illustrated notes

Levels and vault maps discovered:
D:1:      shiori_arrival_elements, layout_basic, ebering_ecumenical_altar_box
D:2:      layout_rooms, corexii_item_surrounded_by_moat
D:3:      layout_basic, uniq_jessica
D:4:      layout_cave_pools, uniq_blork_the_orc, uniq_grinder
D:5:      layout_rooms, nemelex_xobeh_ov_fountains_minmay,
          minmay_temple_entry_antechambers
D:6:      layout_loops_ring, okawaru_gym_becter,
          minmay_a_box_with_orc_wizards_in_it, uniq_eustachio,
          uniq_crazy_yiuf_cottage

Skill      XL: |  1  2  3  4  5 |
---------------+----------------+-----
Transmutations | 1 |  1.8
Earth Magic    | 4 |  4.5
Conjurations   | 1 2 |  2.0
Fighting       | 1 2 |  2.0
Stealth        | 3 |  3.6
Dodging        | |  1.5
Spellcasting   | |  2.9

Action                   |  1- 3 |  4- 6 || total
-------------------------+-------+-------++-------
Melee: Unarmed           |    40 |       ||    40
       Dagger            |   119 |    19 ||   138
 Cast: Sandblast         |    21 |    38 ||    59
  Use: Scroll            |       |     9 ||     9
 Stab: Sleeping          |     3 |       ||     3
Armor: Robe              |    57 |    40 ||    97
Dodge: Dodged            |   110 |    52 ||   162

Table legend: (Time is in decaauts)
 A = Elapsed time spent in this place.
 B = Non-inter-level travel time spent in this place.
 C = Inter-level travel time spent in this place.
 D = Time resting spent in this place.
 E = Time spent auto-exploring this place.
 F = Levels seen in this place.
 G = Mean time per level.
                   A        B        C        D        E       F      G
               +--------+--------+--------+--------+--------+-----+--------+
         Total |   4862 |   4539 |    323 |    432 |   3549 |   6 |  810.3 |
       Dungeon |   4862 |   4539 |    323 |    432 |   3549 |   6 |  810.3 |
               +--------+--------+--------+--------+--------+-----+--------+

Top non-repeatable levels by time:
     D:1: 1909 daAuts
     D:3: 1161 daAuts
     D:2: 1113 daAuts
     D:5: 437 daAuts
     D:6: 166 daAuts
     D:4: 74 daAuts
